 Dungeon Crawl Stone Soup version 0.16-a0-3820-g492871e (console) character file.

18121 MarvinPA the Bludgeoner (level 12, -5/120 HPs)
             Began as an Ogre Hunter on Jan 28, 2015.
             Was a Priest of Nemelex Xobeh.
             Slain by a seven-headed hydra (13 damage)
             ... on level 1 of the Lair of Beasts.
             The game lasted 01:10:06 (16622 turns).

MarvinPA the Bludgeoner (Ogre Hunter)              Turns: 16622, Time: 01:10:06

Health: -5/120     AC:  6    Str: 24    XL:     12   Next: 55%
Magic:  26/26      EV: 11    Int: 10    God:    Nemelex Xobeh [***...]
Gold:   814        SH:  0    Dex: 10    Spells: 0 memorised, 11 levels left

rFire  . . .     SeeInvis .     a - +0 giant spiked club
rCold  . . .     Clarity  .     p - +1 troll leather armour
rNeg   + . .     SustAb   .     (shield restricted)
rPois  .         Gourm    .     (helmet restricted)
rElec  .         Spirit   .     (no cloak)
rCorr  .         Warding  .     (gloves unavailable)
rMut   .         Stasis   .     (boots unavailable)
MR     ++...                    e - amulet of regeneration
Stlth  +.........               I - ring of protection from magic
                                E - ring of positive energy

@: very resistant to hostile enchantments, very unstealthy
A: unfitting armour, tough skin 1
a: Triple Draw, Renounce Religion


You were on level 1 of the Lair of Beasts.
You worshipped Nemelex Xobeh.
Nemelex Xobeh was most pleased with you.
You were not hungry.

You visited 2 branches of the dungeon, and saw 12 of its levels.
You also visited: Sewer and Ossuary.

You collected 868 gold pieces.


Innate Abilities, Weirdness & Mutations

You are too large for most types of armour.
You have tough skin (AC +1).


   Skills:
 + Level 8.3 Fighting
 - Level 16.4 Maces & Flails
 - Level 4.9 Throwing
 - Level 5.5 Dodging
 - Level 0.7 Stealth
 + Level 11.4 Evocations


You had 11 spell levels left.
You didn't know any spells.

Inventory:

Hand weapons
 a - a +0 giant spiked club (weapon)
 b - a +1 blowgun
Missiles
 i - 234 stones
 m - 27 poisoned needles
 t - 3 throwing nets {=f}
 u - 7 javelins
 C - 5 needles of sleeping
 N - 13 curare-tipped needles {=f}
 Q - 4 large rocks (quivered)
Armour
 p - a +1 troll leather armour (worn)
Jewellery
 e - an amulet of regeneration (around neck)
 j - an uncursed amulet of clarity
 E - a ring of positive energy (left hand)
 I - a ring of protection from magic (right hand)
Magical devices
 c - a wand of fire (5)
 J - a wand of paralysis (15)
 M - a wand of paralysis (2)
Scrolls
 g - 4 scrolls of identify {@r1}
 k - 6 scrolls of recharging
 n - 3 scrolls of remove curse
 x - 5 scrolls of magic mapping
 y - 3 scrolls of teleportation {@r4}
 L - a scroll of fog
Potions
 o - a potion of resistance
 v - 2 potions of might
 B - a potion of cancellation
 D - 3 potions of curing {@q1}
 G - 2 potions of heal wounds {@q2}
 H - 2 potions of haste {@q3}
Miscellaneous
 d - a plain deck of war
 w - a plain deck of escape {drawn: 10}
 K - a phial of floods (inert)
 O - a plain deck of destruction
Comestibles
 f - a beef jerky
 h - 7 fruits
 l - 7 chunks of flesh
 q - 7 bread rations
 r - a meat ration

Dungeon Overview and Level Annotations

Branches:
Dungeon (11/15)            Temple (0/1) D:7            Lair (1/8) D:11
    Orc (0/4) D:11

Altars:
Cheibriados
Elyvilon
Makhleb
Nemelex Xobeh
Okawaru
Trog
Xom
Yredelemnul

Shops:
D:4 }

Portals:
Trove: D:11 (give 20 scrolls of identify)

.............#(≈≈.# ..#
...#........≈≈≈≈≈.###...#
.............#≈≈........#
...#..............###....
...#.........#....## .
......#.##+.##E....# #
...........E.##f##.
h........D........
.......r.O........
...r..............
................
.###............
#............
##r......... #.....####
#...... ...


You could see a seven-headed hydra, 3 river rats and 2 friendly water
elementals.


Message History

Unknown command.
Read which item? (? for menu, Esc to quit)
Okay, then.
Enter note: good Drink which item? (? for menu, Esc to quit)
Okay, then.
Unknown command.
Here: a seven-headed hydra (moderately wounded, lightly drained) Some shallow water.
Unknown command.
A river rat comes into view.
Your water elemental hits the seven-headed hydra!
Your water elemental engulfs the seven-headed hydra in water!
The seven-headed hydra pulls free of the water.
Drink which item? (? for menu, Esc to quit)
Okay, then.
Read which item? (? for menu, Esc to quit)
Okay, then.
Unknown command.
Your water elemental hits the seven-headed hydra.
Your water elemental engulfs the seven-headed hydra in water!
The seven-headed hydra pulls free of the water.
A river rat comes into view.
A wolf comes into view.
A river rat comes into view.
The seven-headed hydra bites you.
* * * LOW HITPOINT WARNING * * *
The seven-headed hydra bites you!
You die...
Your body glows slightly and disappears.

Action                   |  1- 3 |  4- 6 |  7- 9 | 10-12 || total
-------------------------+-------+-------+-------+-------++-------
Melee: Whip              |   143 |   330 |       |       ||   473
       Short sword       |     5 |       |       |       ||     5
       Flail             |       |    28 |   177 |       ||   205
       Giant spiked club |       |       |    93 |   545 ||   638
 Fire: Blowgun           |       |    59 |   121 |   226 ||   406
Throw: Stone             |    31 |   152 |    54 |   143 ||   380
       Large rock        |     4 |     8 |       |    14 ||    26
       Throwing net      |       |     3 |       |       ||     3
       Tomahawk          |       |       |    21 |    23 ||    44
Evoke: Wand              |       |     3 |     2 |    15 ||    20
       Deck              |       |       |     3 |     7 ||    10
       Phial of floods ( |       |       |       |     2 ||     2
  Use: Potion            |       |     1 |       |     3 ||     4
       Scroll            |       |       |    20 |     9 ||    29
 Stab: Sleeping          |     1 |     2 |     2 |       ||     5
       Held in net/web   |       |     1 |       |       ||     1
       Distracted        |       |     1 |       |       ||     1
       Confused          |       |       |       |     2 ||     2
       Paralysed         |       |       |       |     6 ||     6
  Eat: Chunk             |     2 |    16 |    16 |    34 ||    68
       Pizza             |       |       |       |     1 ||     1
       Fruit             |       |       |       |     1 ||     1

Vault maps used:
D:1:      minmay_arrival_up_and_down
D:2:      lightli_temple_of_fire, serial_forest, infiniplex_forest_end_1,
          infiniplex_forest_lined_4_way, infiniplex_forest_zigzag_1,
          infiniplex_forest_split, infiniplex_forest_lined_2,
          infiniplex_forest_end_1, infiniplex_forest_clump_C,
          infiniplex_forest_lined_3_way, first_bread, grunt_ministairs_6
D:4:      portal_sewer_entry_e, serial_shops, shop, roderic_roman_lattice
D:5:      xom_butterflies, nicolae_ossuary_entry_false_entrances,
          xom_teletrap_fun
D:6:      minitemple
D:7:      minmay_temple_entry_junction, grunt_ogre_cave
D:8:      bloody_makhleb, roderic_ravens_nest, uniq_blork_the_orc, uniq_edmund,
          uniq_joseph, uniq_erolcha, uniq_eustachio
D:9:      minivault_28, uniq_prince_ribbit1
D:10:     uniq_harold, uniq_josephine, uniq_sonja
D:11:     lair_0_dummy, orc_0_dummy, nicolae_trove_entry_path_of_doom,
          uniq_fannar
Lair:1:   lemuel_fruit_tree
Sewer:    sewer_co_15_rooms
Ossuary:  ossuary_zaba_flooded

Notes
Turn   | Place    | Note
--------------------------------------------------------------
     0 | D:1      | MarvinPA, the Ogre Hunter, began the quest for the Orb.
     0 | D:1      | Reached XP level 1. HP: 22/22 MP: 1/1
   121 | D:1      | Reached skill level 2 in Dodging
   123 | D:1      | Reached skill level 1 in Maces & Flails
   208 | D:1      | Reached XP level 2. HP: 29/29 MP: 2/2
   948 | D:2      | Reached skill level 2 in Maces & Flails
  1045 | D:2      | Reached XP level 3. HP: 18/36 MP: 3/3
  1375 | D:2      | Reached XP level 4. HP: 44/44 MP: 4/4
  1389 | D:2      | Reached skill level 3 in Fighting
  1389 | D:2      | Reached skill level 3 in Maces & Flails
  1786 | D:2      | Found a bloodstained altar of Trog.
  2594 | D:3      | Reached skill level 4 in Maces & Flails
  2834 | D:3      | Reached XP level 5. HP: 9/53 MP: 5/5
  3196 | D:4      | Reached skill level 4 in Fighting
  3534 | D:4      | Found Wantuwib's Gadget Boutique.
  3584 | D:4      | Reached skill level 5 in Maces & Flails
  3705 | D:4      | Found a glowing drain.
  3723 | D:4      | Reached XP level 6. HP: 63/63 MP: 6/6
  3759 | Sewer    | Entered a sewer
  3917 | Sewer    | Reached skill level 5 in Fighting
  4750 | D:4      | Reached skill level 6 in Maces & Flails
  5191 | D:5      | Entered Level 5 of the Dungeon
  5225 | D:5      | Reached skill level 3 in Dodging
  5263 | D:5      | Found a sand-covered staircase.
  5268 | Ossuary  | Entered an ossuary
  5280 | Ossuary  | Identified 2 potions of resistance
  5425 | D:6      | Reached XP level 7. HP: 53/72 MP: 7/7
  5460 | D:6      | Got a pitted cloak
  5466 | D:6      | Identified the cursed -5 cloak of the Hidden Vale {-Cast rElec rC+ MP-9 Str+8} (You found it on level 6 of the Dungeon)
  5466 | D:6      | good
  5661 | D:5      | Reached skill level 7 in Maces & Flails
  5833 | D:5      | Reached skill level 4 in Dodging
  5893 | D:5      | Found a shimmering altar of Xom.
  6429 | D:6      | Reached skill level 8 in Maces & Flails
  6435 | D:6      | Reached XP level 8. HP: 64/80 MP: 8/8
  6515 | D:6      | Reached skill level 5 in Dodging
  6698 | D:5      | Reached skill level 9 in Maces & Flails
  6995 | D:5      | Found a shimmering altar of Xom.
  7499 | D:6      | Found a snail-covered altar of Cheibriados.
  7555 | D:6      | Found an iron altar of Okawaru.
  7555 | D:6      | Found a basalt altar of Yredelemnul.
  7556 | D:6      | Found a white marble altar of Elyvilon.
  7558 | D:6      | Found a sparkling altar of Nemelex Xobeh.
  7564 | D:6      | Became a worshipper of Nemelex Xobeh the Trickster
  7591 | D:6      | Reached skill level 1 in Evocations
  7698 | D:7      | Found a staircase to the Ecumenical Temple.
  7729 | D:7      | Reached skill level 2 in Evocations
  7795 | D:7      | Reached skill level 10 in Maces & Flails
  7864 | D:7      | Received a gift from Nemelex Xobeh
  7929 | D:7      | Reached XP level 9. HP: 88/88 MP: 13/13
  7969 | D:7      | Reached skill level 3 in Evocations
  8809 | D:8      | Reached skill level 4 in Evocations
  8860 | D:8      | Noticed Eustachio
  8876 | D:8      | Killed Eustachio
  8876 | D:8      | Reached skill level 11 in Maces & Flails
  8892 | D:8      | Noticed Erolcha
  8902 | D:8      | Paralysed by something for 4 turns
  8945 | D:8      | Killed Erolcha
  8945 | D:8      | Reached skill level 5 in Evocations
  9224 | D:8      | Noticed Blork the orc
  9239 | D:8      | Killed Blork the orc
  9239 | D:8      | Reached skill level 12 in Maces & Flails
  9380 | D:8      | Noticed Joseph
  9491 | D:8      | Noticed Edmund
  9493 | D:8      | Killed Edmund
  9493 | D:8      | Reached skill level 6 in Evocations
  9493 | D:8      | Reached XP level 10. HP: 91/96 MP: 17/19
  9951 | D:8      | Found a burning altar of Makhleb.
 10028 | D:8      | Noticed a kobold demonologist
 10039 | D:8      | Noticed an ice devil
 10042 | D:8      | Killed a kobold demonologist
 10203 | D:8      | Reached skill level 13 in Maces & Flails
 10718 | D:8      | Reached skill level 7 in Evocations
 11259 | D:9      | Noticed a cyclops
 11330 | D:9      | what the hell is this floor
 11379 | D:8      | Killed a cyclops
 11379 | D:8      | Reached skill level 8 in Evocations
 11413 | D:9      | Reached skill level 14 in Maces & Flails
 11641 | D:9      | Reached XP level 11. HP: 102/102 MP: 22/22
 11722 | D:9      | Noticed Prince Ribbit
 11744 | D:9      | Killed Prince Ribbit
 12469 | D:10     | Entered Level 10 of the Dungeon
 12632 | D:10     | Reached skill level 9 in Evocations
 12678 | D:10     | Noticed Josephine
 12712 | D:10     | Killed Josephine
 12712 | D:10     | Reached skill level 15 in Maces & Flails
 12855 | D:10     | Noticed Harold
 12873 | D:10     | Killed Harold
 13153 | D:10     | Noticed a hill giant
 13184 | D:10     | Killed a hill giant
 13554 | D:10     | Noticed Sonja
 13884 | D:10     | Killed Sonja
 14016 | D:11     | Noticed a hill giant
 14027 | D:11     | Killed a hill giant
 14027 | D:11     | Reached skill level 10 in Evocations
 14030 | D:11     | Reached skill level 16 in Maces & Flails
 14066 | D:11     | Killed Joseph
 14087 | D:11     | Noticed a six-headed hydra
 14093 | D:11     | Killed a six-headed hydra
 14093 | D:11     | Reached XP level 12. HP: 111/111 MP: 25/25
 14130 | D:11     | Found a portal to a secret trove of treasure.
 14131 | D:11     | Received a gift from Nemelex Xobeh
 14270 | D:11     | Noticed Fannar
 14486 | D:11     | Found a staircase to the Orcish Mines.
 14898 | D:11     | what
 14898 | D:11     | is this game
 14908 | D:11     | Reached skill level 6 in Fighting
 15251 | D:11     | Killed Fannar
 15251 | D:11     | Reached skill level 11 in Evocations
 15300 | D:11     | Noticed a hill giant
 15310 | D:11     | Killed a hill giant
 15310 | D:11     | Reached skill level 7 in Fighting
 15545 | D:11     | Found a staircase to the Lair.
 15882 | Lair:1   | Entered Level 1 of the Lair of Beasts
 16014 | Lair:1   | Received a gift from Nemelex Xobeh
 16343 | Lair:1   | Acquired Nemelex Xobeh's first power
 16395 | Lair:1   | Reached skill level 8 in Fighting
 16596 | Lair:1   | Noticed a seven-headed hydra
 16612 | Lair:1   | oh right
 16616 | Lair:1   | HP: 2/120 [seven-headed hydra (13)]
 16617 | Lair:1   | good
 16622 | Lair:1   | HP: 8/120 [seven-headed hydra (1)]
 16622 | Lair:1   | Slain by a seven-headed hydra

Vanquished Creatures
  Fannar (D:11)
  Harold (D:10)
  A hydra (D:11)
  Erolcha (D:8)
  3 hill giants
  A cyclops (D:8)
  An ugly thing (D:11)
  Joseph (D:11)
  A gargoyle (D:9)
  A kobold demonologist (D:8)
  A komodo dragon (Lair:1)
  A guardian mummy (D:11)
  Sonja (D:10)
  Prince Ribbit (D:9)
  3 trolls
  A raven (D:8)
  9 yaks
  A trapdoor spider zombie (D:9)
  A basilisk (D:9)
  Eustachio (D:8)
  A deep elf mage (D:11)
  A hippogriff (D:9)
  A hungry ghost (D:11)
  2 wyverns (D:9)
  Edmund (D:8)
  A soldier ant (D:11)
  An ice beast (D:11)
  4 porcupines (Lair:1)
  5 orc warriors
  A wasp (D:8)
  6 ogres
  An eye of draining (D:10)
  7 centaurs
  3 sky beasts
  A crocodile (Lair:1)
  4 big kobolds
  5 giant frogs
  2 gnoll sergeants
  Blork the orc (D:8)
  34 killer bees
  4 scorpions
  3 wights (D:11)
  A bog body (D:5)
  4 electric eels (D:10)
  3 crimson imps
  3 centaur skeletons
  A centaur zombie (D:8)
  A water moccasin simulacrum (D:10)
  4 hounds
  A giant frog zombie (D:5)
  2 goliath beetles
  2 orc priests (D:10)
  3 jellies
  6 iguanas
  6 orc wizards
  A giant frog skeleton (D:6)
  A killer bee zombie (D:7)
  10 worker ants
  A big kobold zombie (D:10)
  A hound zombie (D:6)
  3 hound skeletons
  A mummy (D:9)
  A worker ant zombie (D:7)
  12 adders
  11 gnolls
  16 river rats
  4 giant mites
  3 worms
  2 shadow imps (D:7)
  An adder skeleton (D:7)
  An adder zombie (D:8)
  8 giant geckos
  3 oozes
  32 orcs
  16 bats
  A bat zombie (D:5)
  8 giant cockroaches
  7 goblins
  19 hobgoblins
  7 jackals
  6 quokkas
  6 ball pythons
  A ball python zombie (D:6)
  6 giant newts
  3 giant spores (D:9)
  34 kobolds
  3 quokka skeletons
  A quokka zombie (D:8)
  17 rats
  13 ballistomycetes (D:9)
  A fungus (Lair:1)
419 creatures vanquished.

Vanquished Creatures (collateral kills)
  Josephine (D:10)
  An ice beast (D:9)
  A giant frog skeleton (D:10)
  An orc wizard (D:6)
  A hound skeleton (D:10)
  An orc (D:6)
  A kobold (D:10)
7 creatures vanquished.

Vanquished Creatures (others)
  A yak (D:9)
  An ice beast (D:10)
  2 killer bees (D:11)
  A crimson imp (D:9)
  A hound skeleton (D:9)
  A giant spore (D:9)
7 creatures vanquished.

Grand Total: 433 creatures vanquished
